 Dungeon Crawl Stone Soup version 0.28.0 (webtiles) character file.

Game seed: 2501283237202657796

70 mopl the Chopper (level 4, -29/38 HPs)
             Began as a Hill Orc Gladiator on Feb 14, 2022.
             Killed from afar by a ynoxinul (35 damage)
             ... with an iron shot
             ... on level 1 of the Abyss.
             The game lasted 00:01:52 (2596 turns).

mopl the Chopper (Hill Orc Gladiator)               Turns: 2596, Time: 00:01:52

Health: -29/38     AC:  7    Str: 18    XL:     4   Next: 21%
Magic:  4/4        EV: 10    Int:  8    God:
Gold:   39         SH:  0    Dex: 12    Spells: 3/3 levels left

rFire   . . .      SeeInvis .   a - +0 war axe
rCold   . . .      Faith    .   (no shield)
rNeg    . . .      Spirit   .   j - +0 scale mail
rPois   .          Reflect  .   c - +0 helmet
rElec   .          Harm     .   (no cloak)
rCorr   .          Rampage  .   (no gloves)
Will    .....                   (no boots)
Stlth   ..........              (no amulet)
HPRegen 0.12/turn               (no ring)
MPRegen 0.09/turn               (no ring)

@: no status effects
A: no striking features
a: no special abilities


You were on level 1 of the Abyss.
You visited 1 branch of the dungeon, and saw 2 of its levels.
You visited the Abyss 1 time.

You collected 39 gold pieces.

Inventory:

Hand Weapons
 a - a +0 war axe (weapon)
 g - a +1 dagger of venom
Missiles
 d - 2 throwing nets (quivered)
Armour
 c - a +0 helmet (worn)
 j - a +0 scale mail (worn)
Scrolls
 b - a scroll of identify {unknown}
 e - 2 scrolls of blinking {unknown}
 h - a scroll of enchant armour {unknown}


   Skills:
 + Level 3.3 Fighting
 * Level 5.4 Axes
 - Level 1.7 Throwing
 + Level 1.8 Armour
 - Level 2.4 Dodging


You had 3 spell levels left.
You didn't know any spells.
Your spell library contained the following spells:

 Spells                   Type           Power      Damage    Failure   Level
 Animate Skeleton         Necr           0%         N/A       80%         1
 Pain                     Necr           0%         1d4       80%         1
 Vampiric Draining        Necr           0%         2d6       99%         3


Dungeon Overview and Level Annotations

Branches:
Dungeon (2/15)

Altars:

Annotations:
D:2 Crazy Yiuf


Message History

Crazy Yiuf is moderately wounded.
Crazy Yiuf struggles against the net.
The net rips apart, and Crazy Yiuf comes free!
You hit Crazy Yiuf.
Crazy Yiuf is heavily wounded.
Crazy Yiuf yells, "Ten!
Ice seventy bag."
Crazy Yiuf hits you with a +2 quarterstaff of chaos.
Crazy Yiuf freezes you.
Crazy Yiuf hits you with a +2 quarterstaff of chaos!
You are cast into the Abyss!
This branch contains the abyssal rune of Zot.
You start resting.
A thrashing horror comes into view.
The thrashing horror roars!
There is an open translucent door here.
The thrashing horror tramples you!
You stumble backwards!
There's nothing to close nearby.
The thrashing horror roars!
The thrashing horror tramples you.
You hold your ground!
The thrashing horror tramples you but does no damage.
The thrashing horror roars!
The thrashing horror barely misses you.
The thrashing horror tramples you but does no damage.
A ynoxinul comes into view.
The ynoxinul bellows!
The thrashing horror tramples you!
* * * LOW HITPOINT WARNING * * *
You stumble backwards!
The thrashing horror roars!
The thrashing horror misses you.
The thrashing horror tramples you but does no damage.
The thrashing horror roars!
The thrashing horror tramples you.
* * * LOW HITPOINT WARNING * * *
You hold your ground!
The thrashing horror tramples you but does no damage.
The ynoxinul gestures at you. The iron shot hits you!!
Ouch! That really hurt!
You die...

.# #. ###
##.
##...###..##
..#...#.#.#
#.......##.#
#........#
#.@.# #..X##
♣♣♣..#
♣..♣.#
###.#3.#
♣♣#...#♣.#
♣. ...# #.#
♣..♣#...# .#
.#.♣♣ #####
..


You could see a thrashing horror and a ynoxinul.

Vanquished Creatures
  2 adders (D:2)
  2 worms (D:2)
  3 dart slugs (D:1)
  An orc (D:2)
  4 endoplasms
  A giant cockroach (D:1)
  3 goblins
  A hobgoblin (D:2)
  8 jackals (D:2)
  A quokka (D:1)
  4 ball pythons
  3 bats
  A frilled lizard (D:1)
  2 kobolds
36 creatures vanquished.

Notes
Turn   | Place    | Note
-------+----------+-------------------------------------------
     0 | D:1      | mopl the Hill Orc Gladiator began the quest for the Orb.
     0 | D:1      | Reached XP level 1. HP: 18/18 MP: 1/1
   126 | D:1      | Reached XP level 2. HP: 9/25 MP: 2/2
   486 | D:1      | Reached skill level 1 in Armour
   813 | D:2      | Found a faded altar of an unknown god.
   861 | D:2      | Reached XP level 3. HP: 27/30 MP: 3/3
   896 | D:2      | Reached skill level 3 in Fighting
   896 | D:2      | Reached skill level 5 in Axes
  1442 | D:2      | Reached XP level 4. HP: 31/38 MP: 4/4
  1777 | D:2      | HP: 2/57 [poisoned by an adder]
  2220 | D:2      | Found a runed translucent door.
  2221 | D:2      | Noticed Crazy Yiuf
  2492 | D:2      | Cast into level 1 of the Abyss (Crazy Yiuf)
  2589 | Abyss:1  | Noticed a thrashing horror
  2594 | Abyss:1  | Noticed a ynoxinul
  2596 | Abyss:1  | Killed from afar by a ynoxinul

Illustrated notes

Levels and vault maps discovered:
D:1:      dpeg_arrival_simpleton_c, layout_basic
D:2:      layout_basic, nicolae_ecumenical_pavilion, uniq_crazy_yiuf_cottage
Abyss:1:  base:
Temple

Skill      XL: |  1  2  3 |
---------------+----------+-----
Armour         | 1 |  1.8
Fighting       | 3 |  3.3
Axes           | 5 |  5.4
Throwing       | |  1.7
Dodging        | |  2.4

Action                   |  1- 3 |  4- 6 || total
-------------------------+-------+-------++-------
Melee: War axe           |   108 |    14 ||   122
       Punch             |     2 |       ||     2
Throw: Throwing net      |       |     1 ||     1
  Use: Potion            |       |     2 ||     2
 Stab: Held in net/web   |       |     1 ||     1
Armor: Leather armour    |    43 |       ||    43
       Scale mail        |       |     8 ||     8
Dodge: Dodged            |    95 |     4 ||    99
